 Dungeon Crawl Stone Soup version 0.30-a0-371-gad7725a93e (webtiles) character file.

Game seed: 7036305525200630615

762 ryw the Caller (level 7, -5/57 HPs)
             Began as a Demigod Summoner on Nov 20, 2022.
             Slain by Duvessa
             ... wielding a +2 rapier of distortion
              (9 damage)
             ... on level 5 of the Dungeon.
             The game lasted 00:11:44 (4324 turns).

ryw the Caller (Demigod Summoner)                   Turns: 4324, Time: 00:11:45

Health: -5/57      AC:  8    Str:  6 (9)  XL:     7   Next: 26%
Magic:  8/15       EV: 19    Int: 23 (25) God:
Gold:   228        SH:  0    Dex: 10 (12) Spells: 4/13 levels left

rFire   + + .      SeeInvis .    (weapon currently unavailable)
rCold   + + .      Faith    .    (shield currently unavailable)
rNeg    + + +      Spirit   .    (body armour currently unavailable)
rPois   ∞          Reflect  .    (helmet currently unavailable)
rElec   +          Harm     .    (cloak currently unavailable)
rCorr   +          Rampage  .    (gloves currently unavailable)
Will    .....                    (boots currently unavailable)
Stlth   ++........               (amulet currently unavailable)
HPRegen 0.29/turn                (ring currently unavailable)
MPRegen 0.14/turn                (ring currently unavailable)

@: mighty, wisp-form, attractive, flying
A: insubstantial, flying, no casting, tiny, high MP 1, forlorn, divine
attributes, (horns 1), (talons 1), clumsy 1
a: no special abilities


You were on level 5 of the Dungeon.
You were an insubstantial wisp.
You visited 1 branch of the dungeon, and saw 5 of its levels.

You collected 228 gold pieces.

Inventory:

Hand Weapons
 d - a +0 flail (melded)
Missiles
 x - 15 poisoned darts
Armour
 e - a +0 pair of boots (melded)
 o - a +0 robe of resistance (melded)
 w - a +4 ring mail
 y - a +3 leather armour of fire resistance
Jewellery
 A - a +4 ring of evasion (melded)
Wands
 k - a wand of roots (12)
 p - a wand of digging (1)
 s - a wand of flame (8)
 u - a wand of charming (8)
Scrolls
 a - 4 scrolls of identify {unknown}
 c - a scroll of brand weapon {unknown}
 f - a scroll of fog {unknown}
 g - 4 scrolls of teleportation {unknown}
 j - a scroll of summoning {unknown}
 m - a scroll of blinking {unknown}
 r - a scroll of enchant weapon {unknown}
 z - a scroll of fear {unknown}
 B - a scroll of silence {unknown}
 D - a scroll of vulnerability {unknown}
Potions
 b - a potion of magic
 h - 2 potions of degeneration
 i - a potion of heal wounds {unknown}
 l - a potion of attraction
 n - a potion of might
 q - a potion of berserk rage {unknown}
 t - a potion of curing {unknown}
 v - 2 potions of mutation
 C - a potion of haste {unknown}


   Skills:
 + Level 3.1 Fighting
 + Level 3.9 Dodging
 - Level 2.2 Stealth
 + Level 3.7 Spellcasting
 + Level 2.0 Hexes
 + Level 5.1 Summonings


You had 4 spell levels left.
You knew the following spells:

 Your Spells              Type           Power      Damage    Failure   Level
a - Call Canine Familiar  Summ           28%        N/A       3%          3
b - Call Imp              Summ           28%        N/A       1%          2
c - Summon Small Mammal   Summ           100%       N/A       1%          1
d - Summon Guardian Gole  Hex/Summ       20%        N/A       8%          3

Your spell library contained the following spells:

 Spells                   Type           Power      Damage    Failure   Level
 Freeze                   Ice            16%        1d4       11%         1
 Kiss of Death            Conj/Necr      16%        2d6       11%         1
 Magic Dart               Conj           16%        1d3       11%         1
 Sting                    Tmut/Pois      16%        1d3       11%         1
 Confusing Touch          Hex            13%        N/A       14%         3
 Poisonous Vapours        Pois/Air       8%         N/A       16%         2
 Searing Ray              Conj           8%         2d4       16%         2
 Frozen Ramparts          Ice            8%         1d2       32%         3
 Hailstorm                Conj/Ice       4%         3d4       32%         3
 Summon Lightning Spire   Summ/Air       16%        N/A       36%         4
 Cause Fear               Hex            6%         N/A       43%         4
 Fulminant Prism          Conj/Hex       4%         3d5       56%         4
 Dispel Undead            Necr           4%         3d7       71%         4
 Olgreb's Toxic Radiance  Pois           4%         N/A       71%         4
 Dragon Form              Tmut           2%         N/A       100%        7
 Dragon's Call            Summ           14%        N/A       100%        9


Dungeon Overview and Level Annotations

Branches:
Dungeon (5/15)
 Temple: D:4-7

Annotations:
D:5 Dowan, Duvessa


Innate Abilities, Weirdness & Mutations

You are an insubstantial wisp.
Your tiny insubstantial body is highly resistant to most damage types.
You are flying.
Your equipment is entirely melded.
You are incapable of wielding weapons or throwing items.
You cannot cast spells.
You have an increased reservoir of magic. (+10% MP)
You shall have no god before yourself.
Your divine heritage dramatically boosts your attributes as you level up.
((You have a pair of small horns on your head.))
((You have sharp toenails.))
You are clumsy. (Dex -2)


Message History

* * * LOW HITPOINT WARNING * * *
Space warps horribly around you!
* * * LOW HITPOINT WARNING * * *
Dowan casts a spell.
Dowan blinks!
Your crimson imp hits Duvessa but does no damage.
Unknown command.
Duvessa attacks as you move away! Duvessa closely misses you.
Your hound bites Dowan but does no damage.
Dowan hits your guardian golem but does no damage.
Your hound bites Dowan but does no damage.
Dowan points at you and mumbles some strange words.
The puff of frost hits your guardian golem but does no damage.
Your hound bites Dowan.
Your hound misses Dowan.
Dowan hits your guardian golem with a +0 dagger.
Your magical contamination has completely faded away.
It was a potion of mutation.
You feel extremely strange.
Your toenails lengthen and sharpen.
You feel clumsy. A pair of horns grows on your head!
Your hound bites Dowan.
Dowan hits your hound with a +0 dagger.
Your hound misses Dowan. Duvessa completely misses you.
It was a potion of attraction.
You feel attractive to monsters.
Your hound bites Dowan.
Dowan misses your hound. Duvessa completely misses you.
Your crimson imp blinks!
Dowan is attracted toward you.
It was a potion of degeneration.
There was something very wrong with that liquid.
You feel weakened.
You feel dopey.
You feel clumsy.
Your hound misses Dowan.
Dowan zaps a wand.
Your hound evaporates and reforms as an adder!
Duvessa misses you.
Okay, then.
Unknown command.
It was a potion of might.
You feel very mighty all of a sudden.
Your adder misses Dowan. Dowan misses your adder.
Duvessa hits you but does no damage. Space warps horribly around you!
You die...

#........##
##.........#
#...........##
##...............
#................
#..............##
##..<............#
#..§..e..........##
#...9ev.5......#..##
#..§S...........#..#
##....../...(.†.##.##
##.............##..##
###...........###..#
##>........## ##.##
###.....### ##.#
##.#### #.. #.# ##.


You could see Duvessa, Dowan (distracted, ally target), a friendly guardian
golem (summoned), a friendly crimson imp (summoned, sheltered) and a friendly
adder (summoned, sheltered).

Vanquished Creatures
  A scorpion (D:4)
  Natasha (twice) (D:4)
  2 adders
  An ufetubus (D:4)
  A worm (D:2)
  A dart slug (D:4)
  4 endoplasms
  A giant cockroach (D:2)
  2 goblins
  2 hobgoblins
  3 jackals (D:1)
  9 quokkas
  2 ball pythons
  6 bats
  4 kobolds
  3 rats
44 creatures vanquished.

Vanquished Creatures (collateral kills)
  Sigmund (D:3)
  An ogre (D:4)
  A phantom (D:5)
  A bullfrog (D:5)
  3 hounds
  Ijyb (D:4)
  Terence (D:2)
  3 gnolls
  2 adders
  A dart slug (D:1)
  2 orcs
  3 goblins
  3 hobgoblins (D:4)
  4 jackals
  4 kobolds (D:4)
  A quokka (D:2)
  3 ball pythons (D:4)
  A bat (D:2)
  2 frilled lizards
  A rat (D:1)
39 creatures vanquished.

Grand Total: 83 creatures vanquished

Notes
Turn   | Place    | Note
-------+----------+-------------------------------------------
     0 | D:1      | ryw the Demigod Summoner began the quest for the Orb.
     0 | D:1      | Reached XP level 1. HP: 14/14 MP: 5/5
   211 | D:1      | Reached XP level 2. HP: 15/20 MP: 7/7
   214 | D:1      | Learned a level 2 spell: Call Imp
   935 | D:2      | Noticed Terence
   969 | D:2      | Killed Terence
   970 | D:2      | Reached XP level 3. HP: 27/27 MP: 1/9
  1176 | D:2      | Reached skill level 4 in Summonings
  1266 | D:2      | Reached skill level 1 in Fighting
  1365 | D:2      | Reached XP level 4. HP: 26/35 MP: 3/10
  1505 | D:2      | Learned a level 3 spell: Call Canine Familiar
  2437 | D:3      | Noticed Sigmund
  2447 | D:3      | Killed Sigmund
  2448 | D:3      | Reached XP level 5. HP: 40/41 MP: 6/12
  2516 | D:3      | Learned a level 3 spell: Summon Guardian Golem
  2786 | D:4      | Noticed Natasha
  2799 | D:4      | Killed Natasha
  2800 | D:4      | Reached XP level 6. HP: 27/48 MP: 8/13
  2956 | D:4      | Noticed Ijyb
  2979 | D:4      | Killed Ijyb
  3082 | D:4      | Reached skill level 1 in Hexes
  3708 | D:4      | Noticed Natasha
  3715 | D:4      | Killed Natasha
  4043 | D:5      | Entered Level 5 of the Dungeon
  4051 | D:5      | Reached skill level 5 in Summonings
  4088 | D:5      | Reached XP level 7. HP: 47/57 MP: 11/15
  4306 | D:5      | Noticed Dowan
  4308 | D:5      | Noticed Duvessa
  4317 | D:5      | HP: 2/57 [Duvessa/+2 rapier of distortion (12)]
  4321 | D:5      | Gained mutation: You have sharp toenails. [potion of
                  | mutation]
  4321 | D:5      | Gained mutation: You are clumsy. (Dex -2) [potion of
                  | mutation]
  4321 | D:5      | Gained mutation: You have a pair of small horns on your
                  | head. [potion of mutation]
  4324 | D:5      | Slain by Duvessa

Illustrated notes

Levels and vault maps discovered:
D:1:      elethiomel_arrival_maze, layout_basic
D:2:      layout_loops_ring, uniq_terence
D:3:      layout_basic, minmay_misc_feat_cross, nrook_campfire, chequers_avenue,
          uniq_sigmund
D:4:      layout_basic, nicolae_overflow_crystal_walls, minmay_pentangle,
          uniq_natasha, uniq_ijyb
D:5:      layout_cave_pods, minitemple, feat_on_display, uniq_edmund,
          uniq_duvessa

Skill      XL: |  1  2  3  4  5  6  7 |
---------------+----------------------+-----
Stealth        | 2 |  2.2
Dodging        | 2 3 |  3.9
Spellcasting   | 2 3 |  3.7
Summonings     | 4 5 |  5.1
Fighting       | 1 2 3 |  3.1
Hexes          | 1 2 |  2.0

Action                   |  1- 3 |  4- 6 |  7- 9 || total
-------------------------+-------+-------+-------++-------
Melee: Flail             |    95 |    99 |    13 ||   207
       Unarmed           |     3 |       |       ||     3
       Punch             |     1 |       |     1 ||     2
 Cast: Summon Small Mamm |    11 |     1 |       ||    12
       Call Imp          |    13 |    16 |     2 ||    31
       Call Canine Famil |       |    15 |     3 ||    18
       Summon Guardian G |       |       |     1 ||     1
  Use: Potion            |       |       |     4 ||     4
 Stab: Distracted        |     1 |     2 |       ||     3
       Sleeping          |     3 |     4 |       ||     7
Armor: Robe              |    41 |    29 |     4 ||    74
       Skin              |       |       |     1 ||     1
Dodge: Dodged            |   105 |    96 |    20 ||   221

Table legend: (Time is in decaauts)
 A = Elapsed time spent in this place.
 B = Non-inter-level travel time spent in this place.
 C = Inter-level travel time spent in this place.
 D = Time resting spent in this place.
 E = Time spent auto-exploring this place.
 F = Levels seen in this place.
 G = Mean time per level.
                   A        B        C        D        E       F      G
               +--------+--------+--------+--------+--------+-----+--------+
         Total |   4405 |   4136 |    269 |    122 |   3098 |   5 |  881.0 |
       Dungeon |   4405 |   4136 |    269 |    122 |   3098 |   5 |  881.0 |
               +--------+--------+--------+--------+--------+-----+--------+

Top non-repeatable levels by time:
     D:4: 1351 daAuts
     D:2: 953 daAuts
     D:3: 918 daAuts
     D:1: 892 daAuts
     D:5: 290 daAuts
